 Dungeon Crawl Stone Soup version 0.32-a0-876-gcfddb08e57 (webtiles) character file.

Game seed: 14714649518323836886

51991 jasper the Bludgeoner (level 14, 0/132 HPs)
             Began as a Mountain Dwarf Fighter on Mar 31, 2024.
             Was a High Priest of Okawaru.
             Slain by a large abomination (18 damage)
             ... on level 5 of the Lair of Beasts.
             The game lasted 00:26:31 (19929 turns).

jasper the Bludgeoner (Mountain Dwarf Fighter)     Turns: 19929, Time: 00:26:32

Health: 0/132      AC: 27    Str: 22    XL:     14   Next: 25%
Magic:  14/20      EV:  8    Int: 11    God:    Okawaru [*****.]
Gold:   1137       SH:  5    Dex:  9    Spells: 13/13 levels left

rFire   . . .        V - +3 eveningstar (drain)
rCold   . . .        c - +0 buckler
rNeg    + . .        w - +0 plate armour
rPois   +            y - +2 helmet
rElec   .            u - +0 cloak
rCorr   .            X - +0 pair of gloves of the gadgeteer {Gadgeteer Wandboost ^Fragile}
SInv    .            a - +0 pair of boots
Will    +....        U - amulet of faith Stlth
                     j - ring of positive energy
HPRegen 0.42/turn    l - ring of poison resistance
MPRegen 0.17/turn

%: faith
@: heroic, finesse-ful
A: runic magic, artefact enchanting
a: Renounce Religion, Heroism, Finesse, Duel


You were on level 5 of the Lair of Beasts.
You worshipped Okawaru.
Okawaru was extremely pleased with you.
You visited 4 branches of the dungeon, and saw 18 of its levels.

You collected 1319 gold pieces.
You spent 182 gold pieces at shops.

Inventory:

Hand Weapons
 V - a +3 eveningstar of draining (weapon)
Missiles
 h - 45 poisoned darts
 i - 118 stones
 A - 11 javelins
 E - 7 boomerangs (quivered)
 I - 2 datura-tipped darts
 M - 8 atropa-tipped darts
 T - 5 curare-tipped darts
 W - 7 silver javelins
Armour
 a - a +0 pair of boots (worn)
 c - a +0 buckler (worn)
 u - a +0 cloak (worn)
 w - a +0 plate armour (worn)
 y - a +2 helmet (worn)
 X - the +0 pair of gloves of the gadgeteer (worn) {Gadgeteer Wandboost ^Fragile}
   (Okawaru gifted it to you on level 2 of the Lair of Beasts)

   Gadgeteer: Your evocable items recharge 30% faster and wands have a 30%
   chance to not spend a charge.
   Wandboost: Your wands are more powerful.
   ^Fragile:  It will be destroyed if unequipped.
Jewellery
 j - a ring of positive energy (left hand)
 l - a ring of poison resistance (right hand)
 m - a ring of ice
 t - a ring of flight
 v - a ring of ice
 U - an amulet of faith (around neck)
Wands
 f - a wand of light (2)
 n - a wand of charming (11)
 B - a wand of flame (59)
 H - a wand of polymorph (6)
 J - a wand of digging (9)
 L - a wand of iceblast (5)
Scrolls
 d - 6 scrolls of teleportation
 p - a scroll of poison
 r - 3 scrolls of vulnerability
 z - a scroll of blinking
 D - a scroll of fear
 G - 4 scrolls of fog
 K - 2 scrolls of enchant armour
Potions
 b - 2 potions of haste {unknown}
 e - 7 potions of curing
 g - a potion of resistance
 o - 7 potions of heal wounds
 s - a potion of lignification
 C - 2 potions of invisibility
 F - 3 potions of might
 N - a potion of ambrosia
 O - 3 potions of attraction {unknown}
 P - 2 potions of mutation
 Q - 3 potions of degeneration {unknown}
 S - a potion of cancellation {unknown}
 Y - a potion of berserk rage
Miscellaneous
 Z - a Gell's gravitambourine (2/2)


   Skills:
 - Level 14.3(19.3) Fighting
 - Level 16.0(21.0) Maces & Flails
 * Level 9.9(14.9) Throwing
 - Level 12.5(17.5) Armour
 - Level 5.0(10.0) Shields
 - Level 8.0 Invocations


You had 13 spell levels left.
You didn't know any spells.
Your spell library contained the following spells:

 Spells                   Type           Power      Damage    Failure   Level
 Apportation              Tloc           0%         N/A       56%         1
 Shock                    Conj/Air       0%         1d3       56%         1
 Ensorcelled Hibernation  Hex/Ice        0%         N/A       71%         2
 Jinxbite                 Hex            0%         N/A       71%         2
 Sublimation of Blood     Necr           0%         N/A       71%         2
 Fugue of the Fallen      Necr           0%         N/A       90%         3
 Swiftness                Air            0%         N/A       90%         3
 Airstrike                Air            0%         2d(0-16)  100%        4
 Anguish                  Hex/Necr       0%         N/A       100%        4
 Cause Fear               Hex            0%         N/A       100%        4
 Passage of Golubria      Tloc           0%         N/A       100%        4
 Petrify                  Alch/Erth      0%         N/A       100%        4
 Alistair's Intoxication  Alch           0%         N/A       100%        5
 Fireball                 Conj/Fire      0%         3d3       100%        5
 Irradiate                Conj/Alch      0%         3d11      100%        5
 Yara's Violent Unravell  Hex/Alch       0%         3d3       100%        5
 Tukima's Dance           Hex            Unusable   N/A       N/A         3
 Dragon's Call            Summ           Unusable   N/A       N/A         9

Dungeon Overview and Level Annotations

Branches:
Dungeon (11/15)            Temple (1/1) D:4            Lair (5/5) D:11
  Swamp (0/4) Lair:2       Spider (0/4) Lair:2          Orc (1/2) D:10
  Slime: Lair:4-5

Altars:
Ashenzari
Cheibriados
Dithmenos
Elyvilon
Fedhas
Gozag
Hepliaklqana
Kikubaaqudgha
Makhleb
Nemelex Xobeh
Okawaru
Qazlal
Ru
Sif Muna
Trog
Uskayaw
Vehumet
Wu Jian
Xom
Yredelemnul
Zin
The Shining One
Beogh

Shops:
D:1 (   D:5 *   D:6 *[

Portals:
Trove: D:10 (give +6 demon blade)

Annotations:
D:5 3 runed translucent doors, EvilEddieB's ghost, novice DsGl
D:11 1 runed translucent door, 601d51SH's ghost, journeyman GnFi
Lair:1 exclusion: oklob plant
Lair:2 Maggie


Innate Abilities, Weirdness & Mutations

Your spellcasting is much less encumbered by armour.
You can use scrolls of enchantment on lesser artefacts.


Message History

The thrashing horror is heavily damaged.
The thrashing horror tramples you!
* * * LOW HITPOINT WARNING * * *
You stumble backwards!
You take 8 damage, and have 34/132 hp.
You puncture the thrashing horror!
The thrashing horror is severely damaged.
The thrashing horror barely misses you.
The thrashing horror tramples you but does no damage.
You closely miss the thrashing horror.
The thrashing horror is severely damaged.
You block the thrashing horror's attack.
The thrashing horror tramples you but does no damage.
You barely miss the thrashing horror.
The thrashing horror is severely damaged.
The thrashing horror tramples you but does no damage. x2
You bludgeon the thrashing horror!!
You destroy the thrashing horror!
Okawaru accepts your kill.
You hit the large abomination but do no damage.
You impale the large abomination!!
The large abomination is heavily damaged.
You hear a bark!
The small abomination closely misses you.
The large abomination hits you!
* * * LOW HITPOINT WARNING * * *
You hear a roar!
You take 9 damage, and have 26/132 hp.
You puncture the large abomination!
The large abomination is almost destroyed.
You completely miss the large abomination.
The large abomination is almost destroyed.
The small abomination hits you!
* * * LOW HITPOINT WARNING * * *
You take 8 damage, and have 18/132 hp.
You hit the large abomination but do no damage.
The large abomination is almost destroyed.
A raiju comes into view.
The large abomination hits you!!
You die...

.....♣♣ .♣♣ ÷♣
.....♣ ..♣♣♣♣.♣
.....♣♣ ♣♣..
♣.. ......♣♣
♣.†. ♣.♣
.......♣
♣.♣♣♣.♣♣
.......♣♣ ♣h ♣♣
♣..♣...♣
........♣♣
♣.♣.♣ ♣♣......♣
......†.†♣
♣....♣♣†.♣§..♣♣
.........♣
♣X@x†♣♣♣..♣
.........♣
♣♣.x♣♣ ♣..♣
.......#♣♣ ♣♣♣♣
♣..♣♣ .....P..#
♣...♣ ......#.#
♣♣..♣ ......###
♣..♣ ....<.#
♣..♣ .....##
♣..♣ ......#
##..♣


You could see a large abomination, a raiju and 2 small abominations.

Vanquished Creatures
  Snorg (D:11)
  Fannar (D:11)
  6 hydras
  2 boulder beetles
  2 two-headed ogres
  10 death yaks
  A thrashing horror (Lair:5)
  Sonja (Lair:1)
  Nergalle (Lair:2)
  2 skysharks
  An orb spider (Lair:2)
  2 lindwurms (Lair:4)
  A cyclops (D:8)
  An ugly thing (Lair:5)
  A large abomination (Lair:5)
  Joseph (D:8)
  5 black mambas
  4 elephants (Lair:4)
  A torpor snail (Lair:3)
  A cane toad (shapeshifter) (Lair:5)
  An unseen horror zombie (D:9)
  9 komodo dragons
  4 rime drakes
  An unseen horror (D:11)
  10 cane toads
  A guardian mummy (D:10)
  3 trolls
  2 polar bears
  Grinder (D:5)
  A raiju (Lair:5)
  15 blink frogs
  6 dream sheep (Lair:5)
  3 wraiths
  A shadow (D:11)
  Sigmund (D:5)
  3 wyverns
  2 vampires (D:11)
  2 ynoxinuls (Lair:5)
  49 yaks
  3 steam dragons
  A chaos spawn (Lair:5)
  Menkaure (D:4)
  10 water moccasins
  Duvessa (D:4)
  10 orc warriors
  An ice beast (D:8)
  A black bear (D:6)
  A sky beast (D:7)
  4 ogres
  4 centaurs
  22 wolves
  A phantom (D:7)
  3 kobold brigands
  13 bullfrogs
  A scorpion (D:7)
  A gnoll sergeant (D:9)
  2 small abominations (Lair:5)
  4 wights (D:7)
  A burial acolyte (D:9)
  Dowan (D:4)
  11 killer bees
  6 howler monkeys
  5 electric eels
  8 hounds
  A jelly (D:5)
  5 orc priests
  A gnoll bouda (D:5)
  2 sleepcaps
  9 orc wizards
  Ijyb (D:5)
  2 iguanas
  8 gnolls
  9 adders
  2 dart slugs
  60 orcs
  9 bats
  4 endoplasms
  2 giant cockroaches (D:2)
  3 goblins
  6 hobgoblins
  13 jackals
  25 kobolds
  4 quokkas
  3 ball pythons
  A frilled lizard (D:3)
  2 rats
448 creatures vanquished.

Vanquished Creatures (others)
  A human (D:9)
1 creature vanquished.

Grand Total: 449 creatures vanquished

Notes
Turn   | Place    | Note
-------+----------+-------------------------------------------
     0 | D:1      | jasper the Mountain Dwarf Fighter began the quest for the
                  | Orb.
     0 | D:1      | Reached XP level 1. HP: 19/19 MP: 1/1
   171 | D:1      | Reached XP level 2. HP: 20/26 MP: 2/2
   446 | D:1      | Found Vimum's Antique Weapon Emporium.
   493 | D:1      | Reached skill level 3 in Maces & Flails
   872 | D:2      | Reached XP level 3. HP: 26/31 MP: 3/3
  1023 | D:2      | Found a radiant altar of Vehumet.
  1549 | D:3      | Reached XP level 4. HP: 40/40 MP: 4/4
  1616 | D:3      | Found a faded altar of an unknown god.
  1758 | D:3      | Reached skill level 4 in Maces & Flails
  2449 | D:4      | Found a staircase to the Ecumenical Temple.
  2455 | D:4      | Noticed Menkaure
  2467 | D:4      | Killed Menkaure
  2468 | D:4      | Reached XP level 5. HP: 27/46 MP: 5/5
  2494 | Temple   | Entered the Ecumenical Temple
  2525 | Temple   | Became a worshipper of Warmaster Okawaru
  2674 | D:4      | Reached skill level 5 in Maces & Flails
  2674 | D:4      | Reached XP level 6. HP: 46/53 MP: 6/6
  2808 | D:4      | Found a radiant altar of Vehumet.
  2809 | D:4      | Found a sacrificial altar of Ru.
  3118 | D:4      | Noticed Dowan
  3180 | D:4      | Noticed Duvessa
  3199 | D:4      | Killed Duvessa
  3203 | D:4      | Killed Dowan
  3204 | D:4      | Reached skill level 6 in Maces & Flails
  3307 | D:5      | Entered Level 5 of the Dungeon
  3307 | D:5      | Noticed Ijyb
  3309 | D:5      | Killed Ijyb
  3394 | D:5      | Noticed Sigmund
  3404 | D:5      | Killed Sigmund
  3404 | D:5      | Reached * piety under Okawaru
  3405 | D:5      | Reached skill level 5 in Fighting
  3405 | D:5      | Reached skill level 5 in Armour
  3405 | D:5      | Reached skill level 5 in Shields
  3405 | D:5      | Reached XP level 7. HP: 61/61 MP: 7/7
  3424 | D:5      | Found a runed translucent gate.
  3424 | D:5      | Found a runed translucent gate.
  3424 | D:5      | Found a runed translucent gate.
  3496 | D:5      | Found Ytzal's General Store.
  3661 | D:5      | Noticed Grinder
  3678 | D:5      | Killed Grinder
  3679 | D:5      | Reached skill level 7 in Maces & Flails
  3679 | D:5      | Reached skill level 1 in Invocations
  3767 | D:5      | Reached XP level 8. HP: 70/70 MP: 9/9
  3907 | D:5      | Reached ** piety under Okawaru
  3908 | D:5      | Reached skill level 8 in Maces & Flails
  4245 | D:5      | Noticed EvilEddieB's ghost (novice DsGl)
  4851 | D:6      | Noticed an angel
  4853 | D:6      | Found Pitasaw's Hallowed Reliquary.
  4861 | D:6      | Bought a potion of curing for 42 gold pieces
  4861 | D:6      | Bought a potion of heal wounds for 70 gold pieces
  4861 | D:6      | Bought a potion of heal wounds for 70 gold pieces
  4941 | D:6      | Found Ycurph's Armour Shop.
  5116 | D:6      | Found a stormy altar of Qazlal.
  5217 | D:7      | Reached skill level 9 in Maces & Flails
  5424 | D:7      | Reached XP level 9. HP: 71/78 MP: 12/12
  5459 | D:7      | Found a broken altar of Ashenzari.
  5501 | D:7      | Reached *** piety under Okawaru
  5806 | D:7      | Reached skill level 5 in Invocations
  6091 | D:7      | Reached skill level 10 in Maces & Flails
  6215 | D:8      | Noticed a two-headed ogre
  6224 | D:8      | Killed a two-headed ogre
  6224 | D:8      | Reached **** piety under Okawaru
  6452 | D:8      | Reached skill level 11 in Maces & Flails
  6477 | D:8      | Found a roughly hewn altar of Beogh.
  6688 | D:8      | Noticed a cyclops
  6698 | D:8      | Killed a cyclops
  6699 | D:8      | Reached XP level 10. HP: 37/88 MP: 13/15
  6898 | D:8      | Noticed Joseph
  6913 | D:8      | Killed Joseph
  7537 | D:8      | Found a white marble altar of Elyvilon.
  8313 | D:9      | Reached ***** piety under Okawaru
  8318 | D:9      | Reached skill level 12 in Maces & Flails
  8553 | D:9      | Received a gift from Okawaru
  8904 | D:9      | Found an ancient bone altar of Kikubaaqudgha.
  8927 | D:9      | Reached skill level 13 in Maces & Flails
  9280 | D:9      | Reached XP level 11. HP: 80/97 MP: 17/17
 10059 | D:10     | Entered Level 10 of the Dungeon
 10385 | D:10     | Found a roughly hewn altar of Beogh.
 10386 | D:10     | Found a staircase to the Orcish Mines.
 10600 | D:10     | Received a gift from Okawaru
 10636 | D:10     | Noticed a boulder beetle
 10663 | D:10     | Killed a boulder beetle
 10838 | D:10     | Found a portal to a secret trove of treasure.
 11656 | Orc:1    | Entered Level 1 of the Orcish Mines
 11661 | Orc:1    | Reached skill level 14 in Maces & Flails
 11867 | D:11     | Noticed a two-headed ogre
 11877 | D:11     | Killed a two-headed ogre
 11878 | D:11     | Reached skill level 10 in Fighting
 11994 | D:11     | Reached skill level 1 in Throwing
 12121 | D:11     | Noticed Fannar
 12170 | D:11     | Killed Fannar
 12170 | D:11     | Received a gift from Okawaru
 12171 | D:11     | Reached skill level 10 in Armour
 12343 | D:11     | Found a runed translucent door.
 12348 | D:11     | Noticed 601d51SH's ghost (journeyman GnFi)
 12348 | D:11     | Noticed a spriggan rider
 12349 | D:11     | Identified the +3 spear of Tuerrehy {protect, rF+ Str+5}
 12506 | D:11     | Noticed Snorg
 12521 | D:11     | Killed Snorg
 12607 | D:11     | Found a staircase to the Lair.
 12852 | Lair:1   | Entered Level 1 of the Lair of Beasts
 12921 | Lair:1   | Received a gift from Okawaru
 13097 | Lair:1   | Reached XP level 12. HP: 110/110 MP: 18/18
 13505 | Lair:1   | Found a glowing golden altar of the Shining One.
 13976 | Lair:1   | Noticed a death yak
 13996 | Lair:1   | Noticed a death yak
 14002 | Lair:1   | Noticed a death yak
 14002 | Lair:1   | Noticed a death yak
 14011 | Lair:1   | Killed a death yak
 14026 | Lair:1   | Killed a death yak
 14036 | Lair:1   | Killed a death yak
 14036 | Lair:1   | Received a gift from Okawaru
 14046 | Lair:1   | Killed a death yak
 14785 | Lair:2   | Noticed Sonja
 14787 | Lair:2   | Noticed Nergalle
 14793 | Lair:2   | Noticed Maggie
 14811 | Lair:1   | Killed Sonja
 14850 | Lair:2   | Noticed a five-headed hydra
 14864 | Lair:1   | Killed a five-headed hydra
 14865 | Lair:1   | Reached skill level 15 in Maces & Flails
 15229 | Lair:2   | Killed Nergalle
 15347 | Lair:2   | Reached ****** piety under Okawaru
 15349 | Lair:2   | Acquired a +2 eveningstar of draining
 15349 | Lair:2   | Received a gift from Okawaru
 15370 | Lair:2   | Received a gift from Okawaru
 15372 | Lair:2   | Acquired the +0 pair of gloves of the gadgeteer {Gadgeteer
                  | Wandboost ^Fragile}
 15372 | Lair:2   | Received a gift from Okawaru
 15372 | Lair:2   | Found the +0 pair of gloves of the gadgeteer {Gadgeteer
                  | Wandboost ^Fragile}
 15481 | Lair:2   | Found a hole to the Spider Nest.
 15826 | Lair:2   | Found a staircase to the Swamp.
 16318 | Lair:3   | Noticed a seven-headed hydra
 16336 | Lair:3   | Killed a seven-headed hydra
 16351 | Lair:3   | Reached XP level 13. HP: 69/122 MP: 12/19
 16470 | Lair:3   | Received a gift from Okawaru
 16878 | Lair:3   | Reached skill level 5 in Throwing
 17151 | Lair:3   | Reached skill level 16 in Maces & Flails
 17978 | Lair:4   | Received a gift from Okawaru
 18586 | Lair:4   | Identified the +8 quarterstaff of Razan {freeze, rElec}
 18816 | Lair:5   | Entered Level 5 of the Lair of Beasts
 18829 | Lair:5   | Received a gift from Okawaru
 19334 | Lair:5   | Reached XP level 14. HP: 131/132 MP: 20/20
 19380 | Lair:5   | Received a gift from Okawaru
 19892 | Lair:5   | Received a gift from Okawaru
 19929 | Lair:5   | Slain by a large abomination

Illustrated notes

Levels and vault maps discovered:
D:1:      erik_arrival_triangle_small, layout_basic, serial_shops, shop
D:2:      layout_rooms, basic_altar
D:3:      layout_loops_corners, nicolae_ecumenical_oubliette
D:4:      layout_loops_ring, gammafunk_temple_overflow_pools,
          minmay_temple_entry_grid, kennysheep_generic_room_2, uniq_duvessa,
          uniq_menkaure
D:5:      layout_gridville, gammafunk_ghost_nasty_kobolds,
          nicolae_take_the_stairs, kennysheep_flooded_box,
          kennysheep_windowed_goal, uniq_grinder, uniq_sigmund, uniq_ijyb
D:6:      layout_rooms, kennysheep_little_box, serial_shops, shop,
          nicolae_good_shop
D:7:      layout_loops_ring, ashenzari_conservatory_becter
D:8:      layout_basic, nicolae_overflow_hidden_temple, special_room
          [special_room_orc], uniq_joseph
D:9:      layout_layer_cave, tgw_kikubaaqudgha, chequers_big_river,
          corexii_checkpoint, serial_library_hellmonk_secret_room
D:10:     layout_roguey, david_orc_5, nicolae_trove_entry_path_of_doom
D:11:     layout_basic, lair_entry_dummy, ebering_ghost_funeral_grove,
          uniq_fannar, uniq_snorg
Temple:   kb_temple_of_zot
Lair:1:   layout_cave_pods, lemuel_oklob_altar
Lair:2:   layout_cave_pods, swamp_mist_pool, nicolae_spider_entry_orb_guardian,
          uniq_sonja, uniq_maggie, uniq_nergalle
Lair:3:   beast_lair_carwin_large_4, layout_misc_corridors, grunt_megastairs_2,
          infiniplex_staircase_pool
Lair:4:   layout_big_grid, chequers_serial_rivers_large_a,
          nicolae_lair_lindhole, infiniplex_staircase_pool_2
Lair:5:   hellmonk_lair_end_abyssal_woods, layout_small_grid, slime_entry_1,
          nicolae_volcano_entry_hallway, grunt_megastairs_3, lemuel_fruit_tree,
          lemuel_fruit_fields
Orc:1:    layout_caves

Skill      XL: |  1  2  3  4  5  6  7  8  9 10 11 12 13 14 |
---------------+-------------------------------------------+-----
Maces & Flails | 3 4 5 6 7 9 11 13 14 15 16 | 16.0
Shields        | 4 5 |  5.0
Fighting       | 4 5 6 8 9 11 13 14 | 14.3
Armour         | 4 5 6 7 9 10 11 12 | 12.5
Invocations    | 1 4 6 8 |  8.0
Throwing       | 3 4 8 9 |  9.9

Action                     |  1- 3 |  4- 6 |  7- 9 | 10-12 | 13-15 || total
---------------------------+-------+-------+-------+-------+-------++-------
  Melee: Flail             |   130 |   148 |   386 |   658 |       ||  1322
         Morningstar       |       |       |       |   219 |       ||   219
         Eveningstar       |       |       |       |    42 |   532 ||   574
  Throw: Dart              |     1 |       |     6 |    30 |       ||    37
         Boomerang         |       |       |       |       |    12 ||    12
 Invoke: Heroism           |       |       |     3 |     5 |     4 ||    12
         Finesse           |       |       |       |     2 |     4 ||     6
         Receive Weapon    |       |       |       |     1 |       ||     1
         Receive Armour    |       |       |       |     1 |       ||     1
  Evoke: Wand              |       |     7 |     1 |    19 |     1 ||    28
    Use: Scroll            |     5 |     2 |     7 |     7 |     2 ||    23
         Potion            |       |     2 |       |     2 |     1 ||     5
 Armour: Scale mail        |   115 |   142 |       |       |       ||   257
         Plate armour      |       |    21 |   417 |   756 |   491 ||  1685
  Dodge: Dodged            |    55 |    71 |   116 |   202 |   143 ||   587
  Block: Buckler           |    30 |    33 |    80 |   150 |   104 ||   397

Table legend: (Time is in decaauts)
 A = Elapsed time spent in this place.
 B = Non-inter-level travel time spent in this place.
 C = Inter-level travel time spent in this place.
 D = Time resting spent in this place.
 E = Time spent auto-exploring this place.
 F = Levels seen in this place.
 G = Mean time per level.
                   A        B        C        D        E       F      G
               +--------+--------+--------+--------+--------+-----+--------+
         Total |  19653 |  18730 |    923 |    815 |  13863 |  18 | 1091.8 |
       Dungeon |  12896 |  12167 |    729 |    449 |   9047 |  11 | 1172.4 |
        Temple |     65 |      5 |     60 |      0 |      0 |   1 |   65.0 |
          Lair |   6686 |   6554 |    132 |    366 |   4815 |   5 | 1337.2 |
  Orcish Mines |      4 |      4 |      0 |      0 |      0 |   1 |    4.0 |
               +--------+--------+--------+--------+--------+-----+--------+

Top non-repeatable levels by time:
     D:8: 2126 daAuts
  Lair:1: 1935 daAuts
     D:9: 1860 daAuts
    D:10: 1568 daAuts
  Lair:4: 1408 daAuts
     D:5: 1364 daAuts
  Lair:2: 1330 daAuts
  Lair:3: 1217 daAuts
     D:3: 1109 daAuts
    D:11: 1027 daAuts
     D:7: 1020 daAuts
     D:4: 976 daAuts
  Lair:5: 794 daAuts
     D:1: 719 daAuts
     D:6: 587 daAuts
